AoeStats
← leorssu

Arena

510004711Analyzed
2v2 RM · 2d ago on Sep 29, 2026· 44m 38s· 4 players
Game mode
Random Map
Map size
Medium (4 player)
Population
200
Speed
Normal
Resources
Standard
Victory
Conquest
Starting age
Dark Age
Ending age
Imperial Age
RankedLock teamsTeams togetherTeam positionsShared explorationLock speedFull tech treeHidden civsTurbo modeCheats
Victory
Defeat
🇦🇷 Turks · Argentina
893
+14
🇦🇷 Saxons · Argentina
843
+16
🇺🇸 Muisca · United States
857
-15
🇺🇸 Inca · United States
851
-15
LXXIII
11:30 Feudal Age
11:57 Double-Bit Axe
11:53 Horse Collar
13:59 Loom
18:46 Castle Age
17:40 Gold Mining
17:43 Stone Mining
18:05 Scale Mail Armor
20:29 Bow Saw
20:20 Heavy Plow
21:42 Fletching
24:48 Ballistics
27:21 Andean Sling
28:43 Thumb Ring
28:01 Elite Skirmisher
29:19 Squires
29:40 Bodkin Arrow
34:21 Andean Sling
42:10 Imperial Age
40:50 Forging
40:57 Chain Mail Armor
40:42 Padded Archer Armor
Gen
10:58 Feudal Age
15:21 Castle Age
14:04 Double-Bit Axe
14:20 Horse Collar
17:39 Scale Mail Armor
27:00 Chain Mail Armor
28:00 Forging
35:26 Imperial Age
35:06 Fletching
35:16 Padded Archer Armor
35:54 Squires
37:01 Ballistics
39:16 Chemistry
38:47 Thumb Ring
leorssu
5:18 Loom
13:17 Feudal Age
17:32 Castle Age
15:56 Double-Bit Axe
22:53 Imperial Age
21:43 Gold Mining
21:43 Horse Collar
40:41 Wheelbarrow
39:52 Town Watch
40:51 Gold Shaft Mining
40:06 Stone Mining
45:23 Hand Cart
QueMatracaAriel
7:31 Loom
11:13 Feudal Age
11:45 Double-Bit Axe
19:15 Castle Age
17:51 Arson
20:39 Scale Mail Armor
21:19 Horse Collar
21:53 Bow Saw
21:46 Gold Mining
26:58 Fortified Wall
26:53 Heavy Plow
27:26 Forging
27:34 Stone Mining
28:06 Stone Mining
30:09 Wheelbarrow
35:00 Imperial Age
32:45 Squires
33:29 Hand Cart
33:39 Hand Cart
34:01 Chain Mail Armor
34:39 Treadmill Crane
35:13 Masonry
35:46 Iron Casting
35:03 Fletching
35:51 Gold Shaft Mining
36:24 Conscription
35:27 Elite Hearth Troop
35:30 Shield Wall
38:56 Plate Mail Armor
38:22 Bodkin Arrow
38:40 Pikeman
38:43 Elite Varangian Guard
40:04 Town Watch
40:28 Siege Engineers
Connection lost

Rejoining the realm…

Still unreachable

The connection could not be restored.

Session expired

The server has moved on; the page needs a fresh start.